 Dungeon Crawl Stone Soup version 0.30.1 (webtiles) character file.

Game seed: 11372662234455839523

904 BreadTh the Ruffian (level 7, -4/48 (55) HPs)
             Began as a Demigod Transmuter on July 12, 2023.
             Slain by a wight
             ... wielding a +3 battleaxe
              (5 damage)
             ... on level 7 of the Dungeon.
             The game lasted 00:15:41 (4746 turns).

BreadTh the Ruffian (Demigod Transmuter)            Turns: 4746, Time: 00:15:42

HP:   -4/48 (55)    AC: 19    Str: 19    XL:     7   Next: 50%
MP:   12/13         EV:  8    Int: 10    God:
Gold: 349           SH:  0    Dex: 17    Spells: 9/10 levels left

rFire   . .          .
                       - Unarmed
rCold   + + +        (no shield)
rNeg    . . .        r - +7 chain mail "Busiymagh" {rC+++ Int-5 Dex+3}
rPois   .            t - +1 helmet
rElec   .            (no cloak)
rCorr   .            C - +0 pair of gloves
SInv    .            s - +0 pair of boots
Will    .....        (no amulet) Stlth
                     c - ring of protection from cold
HPRegen 0.28/turn    E - ring of protection from cold
MPRegen 0.13/turn

%: no passive effects
@: very slightly contaminated, heavily drained
A: high MP 1, forlorn, divine attributes
a: no special abilities


You were on level 7 of the Dungeon.
You visited 1 branch of the dungeon, and saw 7 of its levels.

You collected 349 gold pieces.

Inventory:

Hand Weapons
 q - a +2 antimagic dagger
 v - a +2 hand axe of flaming
 L - a +0 glaive
Missiles
 i - 47 stones
 n - 5 boomerangs
 o - 5 poisoned darts
 K - 2 javelins
Armour
 a - a +0 robe
 j - a +0 ring mail
 p - a +0 leather armour
 r - the +7 chain mail "Busiymagh" (worn) {rC+++ Int-5 Dex+3}
   (You found it on level 2 of the Dungeon)

   Int:       It affects your intelligence (-5).
   Dex:       It affects your dexterity (+3).
   rC:        It renders you almost immune to cold.
 s - a +0 pair of boots (worn)
 t - a +1 helmet (worn)
 C - a +0 pair of gloves (worn)
 I - a +1 ring mail of willpower
Magical Staves
 e - a staff of conjuration
 y - the staff of earth "Icsunat" {rElec}
   (You found it on level 3 of the Dungeon)

   [staff of earth]

   Base accuracy: +5 Base damage: 5 Base attack delay: 1.2 This weapon's minimum
   attack delay (0.6) is reached at skill level 12.
   rElec:     It insulates you from electricity.
   It falls into the 'Staves' category.
   It is a one-handed weapon.
Jewellery
 c - a ring of protection from cold (left hand)
 E - a ring of protection from cold (right hand)
Scrolls
 d - 4 scrolls of teleportation {unknown}
 g - 3 scrolls of magic mapping {unknown}
 k - 5 scrolls of identify {unknown}
 l - a scroll of fog {unknown}
 m - 4 scrolls of amnesia {unknown}
 u - a scroll of fear {unknown}
 x - a scroll of vulnerability {unknown}
 D - 2 scrolls of enchant armour {unknown}
 G - a scroll of silence {unknown}
 H - a scroll of enchant weapon {unknown}
Potions
 b - 3 potions of resistance {unknown}
 f - 2 potions of might {unknown}
 h - 2 potions of heal wounds {unknown}
 w - 3 potions of curing {unknown}
 z - 2 potions of lignification
 A - a potion of flight {unknown}
 B - a potion of invisibility {unknown}
 F - a potion of brilliance {unknown}
 J - 2 potions of attraction {unknown}
 M - 2 potions of mutation {unknown}


   Skills:
 - Level 2.0 Fighting
 - Level 2.0 Armour
 - Level 2.0 Dodging
 * Level 7.9 Unarmed Combat
 - Level 2.0 Spellcasting
 - Level 2.0 Transmutations


You had 9 spell levels left.
You knew the following spells:

 Your Spells              Type           Power      Damage    Failure   Level
a - Beastly Appendage     Tmut           10%        N/A       77%         1

Your spell library contained the following spells:

 Spells                   Type           Power      Damage    Failure   Level
 Sting                    Tmut/Pois      12%        1d3       88%         1
 Wereblood                Tmut           5%         N/A       88%         2
 Poisonous Vapours        Pois/Air       2%         N/A       99%         2
 Spider Form              Tmut/Pois      3%         N/A       99%         3
 Ice Form                 Ice/Tmut       3%         N/A       100%        4
 Olgreb's Toxic Radiance  Pois           1%         N/A       100%        4


Dungeon Overview and Level Annotations

Branches:
Dungeon (7/15)             Temple (0/1) D:4

Annotations:
D:3 2 runed translucent doors, exclusion: 2 doors, jaiteiro's ghost, weakling SpHs
D:4 dig


Innate Abilities, Weirdness & Mutations

You have an increased reservoir of magic. (+10% MP)
You shall have no god before yourself.
Your divine heritage dramatically boosts your attributes as you level up.


Message History

Confirm with . or Enter, or press ? or * to list all spells.
You miscast Beastly Appendage.
Nothing appears to happen.
A wight opens the door.
Casting: Beastly Appendage (safe; 77% risk of failure)
Confirm with . or Enter, or press ? or * to list all spells.
You miscast Beastly Appendage.
Nothing appears to happen.
The wight hits you from afar with a +0 trident.
The wight hits you but does no damage.
There is an open door here.
You completely miss the wight. You closely miss the wight.
The wight hits you but does no damage. The wight hits you with a +3 battleaxe.
You hit the wight but do no damage. The wight hits you but does no damage.
The wight hits you with a +3 battleaxe!
You feel drained.
You hit the wight but do no damage.
The wight hits you but does no damage. x2
You barely miss the wight. The wight hits you with a +3 battleaxe!
You feel drained.
* * * LOW HITPOINT WARNING * * *
The wight barely misses you. The wight attacks as you move away!
The wight barely misses you. The wight attacks as you move away!
The wight barely misses you. The wight hits you but does no damage.
There is an escape hatch in the floor here.
You slide downwards.
The hatch slams shut behind you.
Found a stone staircase leading down.
An orc wizard comes into view. It is wielding a +0 dagger.
The orc wizard shouts!
You hear a shout!
An orc comes into view. It is wielding a +0 club.
An orc comes into view. It is wielding a +0 hand axe.
An orc wizard comes into view. It is wielding a +0 dagger.
The wight attacks as you move away! The wight hits you with a +3 battleaxe.
* * * LOW HITPOINT WARNING * * *
The orc shouts!
An orc comes into view. It is wielding a +0 hand axe.
Found a scroll labelled QECOIQ WUJO.
The wight attacks as you move away! The wight closely misses you.
The wight attacks as you move away! The wight hits you with a +3 battleaxe!
* * * LOW HITPOINT WARNING * * *
You feel drained.
You die...

.. #.##.... . #. #.
#.#.... .. #. #.
#.#... ...
#.###.##.#.# ....
...........#.....
#.####.###.......>....
.....#.#............
#?.#.#..###+#####.
#..@.#.......#
#.##z##......#
#.......o....#
####.###oo..... #.#
#...... #.# ...... #..
o..... ... ...o.. ...
...o.


You could see a wight.

Vanquished Creatures
  An ice beast (D:6)
  2 ogres
  3 phantoms (D:5)
  A scorpion (D:4)
  A sleepcap (D:4)
  Terence (D:2)
  An iguana (D:5)
  Natasha (thrice) (D:4)
  6 gnolls (D:5)
  7 adders
  A shadow imp (D:6)
  A white imp (D:5)
  2 ufetubi (D:5)
  A worm (D:4)
  2 dart slugs
  9 orcs
  4 bats
  3 endoplasms
  A giant cockroach (D:1)
  5 goblins
  5 hobgoblins
  3 quokkas
  5 ball pythons
  2 frilled lizards (D:1)
  4 kobolds
  2 rats
76 creatures vanquished.

Notes
Turn   | Place    | Note
-------+----------+-------------------------------------------
     0 | D:1      | BreadTh the Demigod Transmuter began the quest for the Orb.
     0 | D:1      | Reached XP level 1. HP: 15/15 MP: 5/5
   116 | D:1      | Reached skill level 3 in Unarmed Combat
   510 | D:1      | Reached XP level 2. HP: 21/22 MP: 7/7
  1335 | D:2      | Identified the +7 chain mail "Busiymagh" {rC+++ Int-5
                  | Dex+3}
  1579 | D:2      | Reached XP level 3. HP: 27/27 MP: 8/8
  1686 | D:2      | Noticed Terence
  1712 | D:2      | Killed Terence
  1713 | D:2      | Reached skill level 4 in Unarmed Combat
  2053 | D:3      | Reached skill level 1 in Fighting
  2171 | D:3      | Identified the staff of earth "Icsunat" {rElec}
  2357 | D:3      | Found a runed translucent door.
  2359 | D:3      | Noticed jaiteiro's ghost (weakling SpHs)
  2387 | D:3      | Found a runed translucent door.
  2388 | D:3      | Noticed a bullfrog
  2705 | D:3      | Reached XP level 4. HP: 35/35 MP: 9/9
  2900 | D:4      | Noticed an ogre
  3002 | D:4      | Noticed Natasha
  3004 | D:4      | Found a staircase to the Ecumenical Temple.
  3014 | D:4      | Killed Natasha
  3140 | D:4      | Noticed Natasha
  3152 | D:4      | Killed Natasha
  3153 | D:4      | Reached skill level 1 in Armour
  3283 | D:4      | Noticed Natasha
  3306 | D:4      | Killed Natasha
  3307 | D:4      | Reached skill level 5 in Unarmed Combat
  3307 | D:4      | Reached XP level 5. HP: 37/40 MP: 10/10
  3337 | D:4      | Killed an ogre
  3614 | D:5      | Entered Level 5 of the Dungeon
  3642 | D:5      | Reached XP level 6. HP: 43/48 MP: 9/11
  3813 | D:5      | Reached skill level 6 in Unarmed Combat
  3967 | D:5      | Reached skill level 7 in Unarmed Combat
  3967 | D:5      | Reached XP level 7. HP: 51/55 MP: 10/13
  4746 | D:7      | HP: 1/51 [wight/+3 battleaxe (15)]
  4746 | D:7      | Slain by a wight

Illustrated notes

Levels and vault maps discovered:
D:1:      minmay_arrival_shoal_huts, layout_basic,
          hellmonk_ecumenical_altar_pennies_from_heaven, minmay_misc_feat_tower,
          columned_hall_lemuel
D:2:      layout_loops_ring, uniq_terence
D:3:      layout_loops_corners, nicolae_tso_carved_into_rock,
          nicolae_overflow_ecumenical_swirl, nicolae_overflow_crystal_walls,
          ebering_ghost_sewer_f
D:4:      layout_rooms, lemuel_round_altar, overflow_temple_1_default,
          minmay_temple_entry_grid, minmay_statues_item, uniq_natasha
D:5:      layout_cave_pools, hellmonk_no_cap
D:6:      layout_basic, lemuel_mausoleum_altar_kikubaaqudgha
D:7:      layout_basic, lemuel_coloured_pillars_altar

Skill      XL: |  1  2  3  4  5  6 |
---------------+-------------------+-----
Unarmed Combat | 3 4 5 7 |  7.9
Fighting       | 1 2 |  2.0
Spellcasting   | 2 |  2.0
Transmutations | 2 |  2.0
Armour         | 1 2 |  2.0
Dodging        | 2 |  2.0

Action                     |  1- 3 |  4- 6 |  7- 9 || total
---------------------------+-------+-------+-------++-------
  Melee: Unarmed           |   168 |   154 |    60 ||   382
         Kick              |     6 |    14 |     9 ||    29
         Headbutt          |     3 |     6 |     2 ||    11
         Punch             |     2 |     5 |     1 ||     8
   Cast: Beastly Appendage |     9 |     6 |     4 ||    19
    Use: Potion            |     1 |       |       ||     1
 Armour: Robe              |     8 |       |       ||     8
         Skin              |     1 |       |       ||     1
         Ring mail         |    20 |       |       ||    20
         Chain mail        |    46 |   109 |    37 ||   192
  Dodge: Dodged            |    69 |    79 |    20 ||   168
